 Dungeon Crawl Stone Soup version 0.30.0 (webtiles) character file.

Game seed: 1846469102438383746

54 Ayyar the Covert (level 3, -1/35 HPs)
             Began as a Gnoll Wanderer on May 11, 2023.
             Was an Initiate of Makhleb.
             Slain by a jelly (3 damage)
             ... on level 4 of the Dungeon.
             The game lasted 00:04:25 (1099 turns).

Ayyar the Covert (Gnoll Wanderer)                   Turns: 1099, Time: 00:04:25

Health: -1/35      AC:  2    Str:  9    XL:     3   Next: 91%
Magic:  5/5        EV: 10    Int:  8    God:    Makhleb [......]
Gold:   105        SH:  0    Dex: 18    Spells: 4/4 levels left

rFire   . . .        a - +3 dagger
rCold   . . .        (no shield)
rNeg    . . .        s - +0 ring mail
rPois   .            (no helmet)
rElec   .            r - scarf {shadows}
rCorr   .            (no gloves)
SInv    .            g - +0 pair of boots
Will    .....        (no amulet)
Stlth   ++++         (no ring)
HPRegen 0.25/turn    (no ring)
MPRegen 0.09/turn

%: no passive effects
@: corroded
A: fangs 1, strong nose, distributed training
a: Renounce Religion


You were on level 4 of the Dungeon.
You worshipped Makhleb.
Makhleb was noncommittal.
You visited 2 branches of the dungeon, and saw 4 of its levels.

You collected 105 gold pieces.

Inventory:

Hand Weapons
 a - a +3 dagger (weapon)
 c - a +0 quarterstaff
Armour
 g - a +0 pair of boots (worn)
 r - a scarf of shadows (worn)
 s - a +0 ring mail (worn)
Scrolls
 b - a scroll of blinking
 d - 2 scrolls of fear
 e - a scroll of vulnerability {unknown}
 j - 2 scrolls of identify {unknown}
 k - a scroll of magic mapping {unknown}
 m - a scroll of poison {unknown}
 n - 3 scrolls of teleportation {unknown}
 p - 2 scrolls of amnesia {unknown}
Potions
 f - 2 potions of heal wounds {unknown}
 h - a potion of haste {unknown}
 i - 2 potions of brilliance {unknown}
 l - a potion of invisibility {unknown}
 o - a potion of might {unknown}
 q - a potion of mutation {unknown}


   Skills:
 + Level 6.5 Fighting
 + Level 1.0 Short Blades
 + Level 1.0 Long Blades
 + Level 1.0 Axes
 + Level 1.0 Maces & Flails
 + Level 1.0 Polearms
 + Level 2.7 Staves
 + Level 1.0 Ranged Weapons
 + Level 1.0 Throwing
 + Level 1.0 Armour
 + Level 1.0 Dodging
 + Level 9.6 Stealth
 + Level 1.0 Shields
 + Level 1.0 Unarmed Combat
 + Level 1.0 Spellcasting
 + Level 0.7 Conjurations
 + Level 0.7 Hexes
 + Level 0.7 Summonings
 + Level 0.7 Necromancy
 + Level 0.7 Translocations
 + Level 0.7 Transmutations
 + Level 0.7 Fire Magic
 + Level 0.7 Ice Magic
 + Level 0.7 Air Magic
 + Level 0.7 Earth Magic
 + Level 0.7 Poison Magic
 + Level 2.7 Invocations
 + Level 1.0 Evocations


You had 4 spell levels left.
You didn't know any spells.
Your spell library was empty.

Dungeon Overview and Level Annotations

Branches:
Dungeon (4/15)             Temple (1/1) D:4

Altars:
Elyvilon
Fedhas
Gozag
Kikubaaqudgha
Makhleb
Nemelex Xobeh
Okawaru
Qazlal
Ru
Sif Muna
Trog
Uskayaw
Vehumet
Yredelemnul
Zin
The Shining One

Annotations:
D:2 1 runed translucent door, Crazy Yiuf
D:4 Menkaure


Innate Abilities, Weirdness & Mutations

You have very sharp teeth.
Your uncanny sense of smell can sniff out nearby items.
Your experience applies equally to all skills.


Message History

Magic restored.
A quokka comes into view.
Found a mace.
The helpless quokka fails to defend itself.
You perforate the quokka like a sieve!!!
You kill the quokka!
Makhleb accepts your kill.
A quokka comes into view.
Found a stone staircase leading up.
The helpless quokka fails to defend itself.
You perforate the quokka like a sieve!!!
You kill the quokka!
Makhleb accepts your kill.
You see here a quokka corpse.
There is a stone staircase leading up here.
A jelly comes into view.
Menkaure, Prince of Dust comes into view.
Menkaure shouts!
You hit Menkaure. You bite Menkaure, but do no damage.
Menkaure is lightly damaged.
Menkaure closely misses you.
You puncture Menkaure! You bite Menkaure, but do no damage.
Menkaure is heavily damaged.
Menkaure hits you!
The jelly quivers.
You hit Menkaure.
Menkaure is severely damaged.
Menkaure hits you.
You hit Menkaure.
Menkaure is severely damaged.
The jelly hits you. The acid corrodes you!
You are splashed with acid!
* * * LOW HITPOINT WARNING * * *
Menkaure barely misses you. The jelly attacks as you move away!
The jelly hits you but does no damage.
You closely miss Menkaure. Your bite misses Menkaure.
Menkaure is severely damaged.
Menkaure hits you!
* * * LOW HITPOINT WARNING * * *
The jelly hits you.
You die...

#.#.##.# #.<....#
###.#### ##.##
###...## #....#.#
#.#.#.## J
#########.##.##
..##J@.....#.####
......M##......#
....#..##.##.###
... #.....##.# ..
##.#####.# # #..
..# ### ###


You could see Menkaure and a jelly.

Vanquished Creatures
  A hound (D:4)
  A ball python (D:1)
  2 endoplasms (D:1)
  A giant cockroach (D:1)
  3 goblins (D:1)
  2 hobgoblins (D:1)
  2 kobolds (D:1)
  4 quokkas
  3 bats (D:1)
  2 rats (D:1)
21 creatures vanquished.

Notes
Turn   | Place    | Note
-------+----------+-------------------------------------------
     0 | D:1      | Reached skill level 9 in Stealth
     0 | D:1      | Ayyar the Gnoll Wanderer began the quest for the Orb.
     0 | D:1      | Ayyar set off with the following items: a +3 dagger, a
                  | scroll of blinking, a +0 quarterstaff, a scroll of fear, a
                  | +0 robe.
     0 | D:1      | Reached XP level 1. HP: 23/23 MP: 2/2
   133 | D:1      | Reached XP level 2. HP: 23/29 MP: 3/3
   758 | D:2      | Found a runed translucent door.
   759 | D:2      | Noticed Crazy Yiuf
   759 | D:2      | You fall into a shaft and drop 2 floors!
   760 | D:4      | Found a staircase to the Ecumenical Temple.
   773 | Temple   | Entered the Ecumenical Temple
   966 | Temple   | Became a worshipper of Makhleb the Destroyer
  1013 | D:4      | Reached skill level 1 in Short Blades
  1013 | D:4      | Reached skill level 1 in Long Blades
  1013 | D:4      | Reached skill level 1 in Axes
  1013 | D:4      | Reached skill level 1 in Maces & Flails
  1013 | D:4      | Reached skill level 1 in Polearms
  1013 | D:4      | Reached skill level 1 in Ranged Weapons
  1013 | D:4      | Reached skill level 1 in Throwing
  1013 | D:4      | Reached skill level 1 in Armour
  1013 | D:4      | Reached skill level 1 in Dodging
  1013 | D:4      | Reached skill level 1 in Shields
  1013 | D:4      | Reached skill level 1 in Unarmed Combat
  1013 | D:4      | Reached skill level 1 in Spellcasting
  1013 | D:4      | Reached skill level 1 in Evocations
  1013 | D:4      | Reached XP level 3. HP: 35/35 MP: 3/5
  1091 | D:4      | Noticed Menkaure
  1099 | D:4      | Slain by a jelly

Illustrated notes

Levels and vault maps discovered:
D:1:      lightli_arrival_noodles, layout_loops_ring, minmay_tetromino_i4
D:2:      wander_river, layout_rooms, dreamdust_ecumenical_altar_grove,
          uniq_crazy_yiuf_cottage, uniq_jessica
D:4:      layout_loops_cross, minmay_temple_entry_slanted, corexii_shack,
          kennysheep_generic_room_13, uniq_menkaure, uniq_ijyb
Temple:   nicolae_temple_bog_church

Skill      XL: |  1  2 |
---------------+-------+-----
Stealth        | |  9.6
Short Blades   | 1 |  1.0
Long Blades    | 1 |  1.0
Axes           | 1 |  1.0
Maces & Flails | 1 |  1.0
Polearms       | 1 |  1.0
Ranged Weapons | 1 |  1.0
Throwing       | 1 |  1.0
Armour         | 1 |  1.0
Dodging        | 1 |  1.0
Shields        | 1 |  1.0
Unarmed Combat | 1 |  1.0
Spellcasting   | 1 |  1.0
Evocations     | 1 |  1.0
Fighting       | |  6.5
Staves         | |  2.7
Conjurations   | |  0.7
Hexes          | |  0.7
Summonings     | |  0.7
Necromancy     | |  0.7
Translocations | |  0.7
Transmutations | |  0.7
Fire Magic     | |  0.7
Ice Magic      | |  0.7
Air Magic      | |  0.7
Earth Magic    | |  0.7
Poison Magic   | |  0.7
Invocations    | |  2.7

Action                     || total
---------------------------++-------
  Melee: Dagger            ||    46
         Bite              ||     3
   Stab: Distracted        ||     1
         Sleeping          ||    10
 Armour: Robe              ||    16
         Ring mail         ||     1
  Dodge: Dodged            ||    18
